Pick #1

Connor Bedard
Pick #2

Leo Carlsson
Pick #3

Adam Fantilli
Pick #4

Matvei Michkov
Pick #5

David Reinbacher
Pick #6

William Smith
Pick #7

Zachary Benson
Pick #8

Ryan Leonard
Pick #9

Gabriel Perreault
Pick #10

Axel Sandin-Pellika
Pick #11

Daniil But
Pick #12

Dalibor Dvorsky
Pick #13

Quentin Musty
Pick #14

Brayden Yager
Pick #15

Dmitry Simashev
Pick #16

Colby Barlow
Pick #17

Andrew Cristall
Pick #18

Easton Cowan
Pick #19

Jacob Fowler
Pick #20

Oliver Moore
Pick #21

Oliver Bonk
Pick #22

Tom Willander
Pick #23

Calum Ritchie
Pick #24

Tanner Molendyk
Pick #25

Gavin Brindley
Pick #26

Nate Danielson
Pick #27

Pick #28

Pick #29

Pick #30

Pick #31

Pick #32

Pick #33

Pick #34

Pick #35

Pick #36

Pick #37

Pick #38

Pick #39

Pick #40

Pick #41

Pick #42

Pick #43

Pick #44

Pick #45

Pick #46

Pick #47

Pick #48

Pick #49

Pick #50

Pick #51

Pick #52

Pick #53

Pick #54

Pick #55

Pick #56

Pick #57

Pick #58

Pick #59

Pick #60

Pick #61

Pick #62

Pick #63

Pick #64

Pick #65

Pick #66

Pick #67

Pick #68

Pick #69

Pick #70

Pick #71

Pick #72

Pick #73

Pick #74

Pick #75

Pick #76

Pick #77

Pick #78

Pick #79

Pick #80

Pick #81

Pick #82

Pick #83

Pick #84

Pick #85

Pick #86

Pick #87

Pick #88

Pick #89

Pick #90

Pick #91

Pick #92

Pick #93

Pick #94

Pick #95

Pick #96

Pick #97

Pick #98

Pick #99

Pick #100

Pick #101

Pick #102

Pick #103

Pick #104

Pick #105

Pick #106

Pick #107

Pick #108

Pick #109

Pick #110

Pick #111

Pick #112

Pick #113

Pick #114

Pick #115

Pick #116

Pick #117

Pick #118

Pick #119

Pick #120

Pick #121

Pick #122

Pick #123

Pick #124

Pick #125

Pick #126

Pick #127

Pick #128

Pick #129

Pick #130

Full Scoreboard »»

Flames vs Jets (R4)

Created - November 12, 2023 at 12:47

Goals
1 2 3 T
Flames 0 1 3 4
Jets 1 1 3 5
Shots
1 2 3 T
Flames 9 10 12 31
Jets 8 7 7 22

GoalsPenalties
1st period
1. Jets , Gustav Nyquist 2 (Connor Murphy 3, Andreas Athanasiou 9) at 1:37
John Tavares (CGY) for Cross-checking (Minor) at 1:39
Torey Krug (WPG) for Interference (Minor) at 10:33
Garnet Hathaway (WPG) for Holding (Minor) at 13:01
Lawson Crouse (CGY) for High sticking (Minor) at 16:22
Pierre-Edouard Bellemare (CGY) for Holding (Minor) at 18:45
2nd period
2. Flames , Sean Kuraly 2 (Josh Morrissey 6, Jared Spurgeon 10) at 6:45
3. Jets , Hampus Lindholm 3 (Torey Krug 9) at 19:23 (PP)
Connor Murphy (WPG) for High sticking (Minor) at 2:53
Steven Stamkos (CGY) for Holding (Minor) at 19:00
3rd period
4. Jets , Andre Burakovsky 4 (Oliver Bjorkstrand 4, Nick Schmaltz 11) at 1:24
5. Flames , Esa Lindell 2 (Sebastian Aho 11, Steven Stamkos 13) at 2:06 (PP)
6. Jets , Oliver Bjorkstrand 5 (Dmitry Orlov 6, Andre Burakovsky 6) at 3:21
7. Jets , Nick Schmaltz 8 (Torey Krug 10, Andre Burakovsky 7) at 6:04 (PP)
8. Flames , Alex DeBrincat 6 (John Tavares 9, Jared Spurgeon 11) at 13:07 (PP)
9. Flames , Lawson Crouse 1 (Jordan Kyrou 10) at 14:11
Victor Olofsson (WPG) for Holding (Minor) at 1:40
Josh Morrissey (CGY) for Interference (Minor) at 4:02
Pierre-Edouard Bellemare (CGY) for Hooking (Minor) at 4:15
Connor Murphy (WPG) for Hooking (Minor) at 11:25
Josh Morrissey (CGY) for High sticking (Minor) at 15:52
Connor Murphy (WPG) for Holding (Minor) at 18:03
Goalie Stats
Antti Raanta (CGY), 4 saves from 5 shots - (0.800), L, 1-1-2, 15:57 minutes
Vitek Vanecek (CGY), 13 saves from 17 shots - (0.765), 43:21 minutes
Dan Vladar (WPG), 27 saves from 31 shots - (0.871), W, 4-1-0, 60:00 minutes
3 StarsOfficial
1 - Andre Burakovsky (WPG)
2 - Nick Schmaltz (WPG)
3 - Oliver Bjorkstrand (WPG)
Referees : Tim Mayer and Jim Curtin
Linesman : Brian Murphy and Luke Murray
Game Note
Antti Raanta enters game at 3:21 of 3rd period
Esa Lindell is injured at 4:27 of 3rd period (Bruised Left Shoulder)
Finance
Level 1 -- Attendance: 4806 (80.10%) -- Ticket Income $648,810
Level 2 -- Attendance: 2991 (59.82%) -- Ticket Income $373,875
Level 3 -- Attendance: 1614 (73.36%) -- Ticket Income $193,680
Level 4 -- Attendance: 957 (94.19%) -- Ticket Income $110,055
Luxury Box -- Attendance: 481 (60.13%) -- Ticket Income $168,350
Game was played at the Canada Life Center.
Total Attendance: 10849 (72.25%)
Total Ticket Income: $1,494,770
Other Income: $373,692
Total Income: $1,868,462



Team Name Goals Shots Shots Attemp Shots Blocked PIM HIT PP PK FO%
Flames 43168514282 / 6 (33%)239%
Jets 522471312252 / 7 (29%)261%

Flames
Player Name POS G A P +/- PIM HIT SHT SB MP PP MP PP SHT PK MP PK SHT FO% FOT
Adam LarssonD000-2041022:445:3505:1600% 0
Alex DeBrincatRW1010015016:374:4520:0000% 1
Calvin de HaanD000000003:330:0001:2800% 0
Erik GudbransonD0000011015:360:0005:0500% 0
Esa LindellD101-3004116:213:4233:3000% 0
Jakub VranaLW000-2010014:580:0001:2100% 0
Jared SpurgeonD0221022122:424:2621:0200% 0
John TavaresC0111211018:414:4503:07039% 23
Jordan EberleRW000000003:190:0000:0000% 0
Jordan KyrouC0110000120:005:1602:52030% 10
Josh MorrisseyD0111443121:384:2600:0000% 0
Kirill MarchenkoRW0001013015:354:4510:000100% 1
Lawson CrouseLW1010232013:540:0002:0300% 1
Pierre-Edouard BellemareLW000040106:460:0003:2800% 0
Ryan LindgrenD0001012117:241:5304:2100% 0
Sean KuralyC1011052016:390:0005:49050% 10
Sebastian AhoC011-2012022:275:1600:15022% 9
Steven StamkosC011-2232018:525:1600:00044% 27
Jets
Player Name POS G A P +/- PIM HIT SHT SB MP PP MP PP SHT PK MP PK SHT FO% FOT
Andre BurakovskyLW1231011024:475:4906:3500% 1
Andreas AthanasiouC0110013123:034:3216:54067% 30
Colin MillerD0000030316:020:0002:4300% 0
Connor MurphyD0112641015:261:1601:4600% 0
Darren HelmC000001007:180:0000:03033% 6
Dmitry OrlovD011-1031324:053:5416:1900% 0
Garnet HathawayRW000022007:330:0000:19050% 2
Gustav NyquistC1010034019:134:3233:0400% 0
Hampus LindholmD101-1021225:356:0115:4200% 0
Joe VelenoC000000007:150:0000:0000% 0
Mark JankowskiC0000001111:270:0003:04075% 12
Nate SchmidtD0000001216:233:0410:0000% 0
Nick SchmaltzC1121012018:125:4910:00065% 26
Oliver BjorkstrandRW1121012018:125:4910:0000% 2
Oskar SundqvistC000000308:230:0000:000100% 1
Thomas NovakC000001008:230:0000:0000% 1
Torey KrugD0222211122:256:2713:3200% 0
Victor OlofssonLW0000211016:114:3200:0300% 1



Play-by-Play

1st period


0:01 of 1st period - Steven Stamkos wins face-off versus Nick Schmaltz in neutral zone.
1:01 of 1st period - Shot by Alex DeBrincat.
1:01 of 1st period - Shot Misses the Net.
1:31 of 1st period - Shot by Andreas Athanasiou.
1:31 of 1st period - Shot Misses the Net.
1:33 of 1st period - Shot by Connor Murphy.
1:33 of 1st period - Shot Misses the Net.
1:35 of 1st period - Shot by Connor Murphy.
1:35 of 1st period - Shot Misses the Net.
1:37 of 1st period - Shot by Gustav Nyquist.
1:37 of 1st period - Goal by Gustav Nyquist - Flames : 0 - Jets : 1.
1:38 of 1st period - Mark Jankowski wins face-off versus John Tavares in neutral zone.
1:38 of 1st period - Colin Miller is hit by Sean Kuraly.
1:39 of 1st period - Minor Penalty to John Tavares for Cross-checking.
1:40 of 1st period - Sean Kuraly wins face-off versus Andreas Athanasiou in Flames zone.
2:00 of 1st period - Torey Krug is hit by Lawson Crouse and loses puck.
2:07 of 1st period - Esa Lindell is hit by Gustav Nyquist and loses puck.
2:12 of 1st period - Shot by Gustav Nyquist.
2:12 of 1st period - Stopped by Vitek Vanecek with a rebound.
2:14 of 1st period - Shot by Torey Krug.
2:14 of 1st period - Stopped by Vitek Vanecek with a rebound.
2:16 of 1st period - Shot by Gustav Nyquist.
2:16 of 1st period - Stopped by Vitek Vanecek with a rebound.
3:28 of 1st period - Shot by Andreas Athanasiou.
3:28 of 1st period - Stopped by Vitek Vanecek without a rebound.
3:29 of 1st period - Andreas Athanasiou wins face-off versus Lawson Crouse in Flames zone.
3:32 of 1st period - Shot by Victor Olofsson.
3:32 of 1st period - Shot Misses the Net.
3:47 of 1st period - Icing by Josh Morrissey.
3:48 of 1st period - Steven Stamkos wins face-off versus Darren Helm in Flames zone.
3:48 of 1st period - Steven Stamkos is hit by Garnet Hathaway.
3:57 of 1st period - Icing by Josh Morrissey.
3:58 of 1st period - Steven Stamkos wins face-off versus Thomas Novak in Flames zone.
4:37 of 1st period - Shot by Sebastian Aho.
4:37 of 1st period - Stopped by Dan Vladar with a rebound.
4:41 of 1st period - Shot by Steven Stamkos.
4:41 of 1st period - Stopped by Dan Vladar with a rebound.
5:15 of 1st period - Shot by Sean Kuraly.
5:15 of 1st period - Shot Misses the Net.
5:17 of 1st period - Shot by Erik Gudbranson.
5:17 of 1st period - Stopped by Dan Vladar with a rebound.
5:35 of 1st period - Shot by Andreas Athanasiou.
5:35 of 1st period - Stopped by Vitek Vanecek with a rebound.
6:23 of 1st period - Shot by Jordan Kyrou.
6:23 of 1st period - Deflect By Lawson Crouse.
6:23 of 1st period - Stopped by Dan Vladar without a rebound.
6:24 of 1st period - Nick Schmaltz wins face-off versus Sebastian Aho in Jets zone.
6:37 of 1st period - Shot by Oliver Bjorkstrand.
6:37 of 1st period - Shot Blocked by Josh Morrissey.
6:52 of 1st period - Sebastian Aho is hit by Hampus Lindholm and loses puck.
7:00 of 1st period - Dmitry Orlov is hit by Josh Morrissey.
8:18 of 1st period - Shot by John Tavares.
8:18 of 1st period - Shot Misses the Net.
8:32 of 1st period - Shot by Kirill Marchenko.
8:32 of 1st period - Shot Misses the Net.
8:40 of 1st period - Shot by Kirill Marchenko.
8:40 of 1st period - Shot Misses the Net.
8:42 of 1st period - Shot by Ryan Lindgren.
8:42 of 1st period - Stopped by Dan Vladar without a rebound.
8:43 of 1st period - Nick Schmaltz wins face-off versus Steven Stamkos in Jets zone.
9:24 of 1st period - Shot by Sebastian Aho.
9:24 of 1st period - Shot Blocked by Hampus Lindholm.
9:40 of 1st period - Icing by Jared Spurgeon.
9:41 of 1st period - Steven Stamkos wins face-off versus Garnet Hathaway in Flames zone.
9:41 of 1st period - Steven Stamkos is hit by Garnet Hathaway.
9:47 of 1st period - Josh Morrissey is hit by Torey Krug and loses puck.
10:06 of 1st period - Shot by Esa Lindell.
10:06 of 1st period - Shot Misses the Net.
10:11 of 1st period - Sean Kuraly is hit by Connor Murphy and loses puck.
10:33 of 1st period - Minor Penalty to Torey Krug for Interference.
10:34 of 1st period - Andreas Athanasiou wins face-off versus Sebastian Aho in Jets zone.
10:56 of 1st period - Shot by Andreas Athanasiou.
10:56 of 1st period - Shot Misses the Net.
11:25 of 1st period - Off-side.
11:26 of 1st period - Andreas Athanasiou wins face-off versus John Tavares in neutral zone.
11:26 of 1st period - Andreas Athanasiou is hit by Alex DeBrincat.
12:44 of 1st period - Shot by Lawson Crouse.
12:44 of 1st period - Deflect By Jordan Kyrou.
12:44 of 1st period - Shot Misses the Net.
12:46 of 1st period - Shot by Lawson Crouse.
12:46 of 1st period - Shot Blocked by Colin Miller.
12:48 of 1st period - Shot by Ryan Lindgren.
12:48 of 1st period - Stopped by Dan Vladar without a rebound.
12:49 of 1st period - Mark Jankowski wins face-off versus Sebastian Aho in Jets zone.
12:58 of 1st period - Shot by Oskar Sundqvist.
12:58 of 1st period - Stopped by Vitek Vanecek without a rebound.
12:59 of 1st period - John Tavares wins face-off versus Darren Helm in Flames zone.
13:01 of 1st period - Minor Penalty to Garnet Hathaway for Holding.
13:02 of 1st period - John Tavares wins face-off versus Andreas Athanasiou in Jets zone.
13:15 of 1st period - Shot by Kirill Marchenko.
13:15 of 1st period - Stopped by Dan Vladar without a rebound.
13:16 of 1st period - Steven Stamkos wins face-off versus Andreas Athanasiou in Jets zone.
14:42 of 1st period - Icing by Esa Lindell.
14:43 of 1st period - Andreas Athanasiou wins face-off versus Alex DeBrincat in Flames zone.
14:48 of 1st period - Shot by Andre Burakovsky.
14:48 of 1st period - Shot Misses the Net.
14:54 of 1st period - Hampus Lindholm is hit by Kirill Marchenko and loses puck.
16:22 of 1st period - Minor Penalty to Lawson Crouse for High sticking.
16:23 of 1st period - Sean Kuraly wins face-off versus Nick Schmaltz in Flames zone.
17:20 of 1st period - Dmitry Orlov is hit by Ryan Lindgren and loses puck.
18:07 of 1st period - Andre Burakovsky is hit by John Tavares and loses puck.
18:38 of 1st period - Shot by Alex DeBrincat.
18:38 of 1st period - Shot Hit the Post.
18:40 of 1st period - Shot by Josh Morrissey.
18:40 of 1st period - Stopped by Dan Vladar with a rebound.
18:42 of 1st period - Shot by Alex DeBrincat.
18:42 of 1st period - Stopped by Dan Vladar without a rebound.
18:43 of 1st period - Darren Helm wins face-off versus Sebastian Aho in Jets zone.
18:45 of 1st period - Minor Penalty to Pierre-Edouard Bellemare for Holding.
18:46 of 1st period - Sean Kuraly wins face-off versus Andreas Athanasiou in Flames zone.
18:57 of 1st period - Shot by Torey Krug.
18:57 of 1st period - Shot Misses the Net.
18:59 of 1st period - Shot by Hampus Lindholm.
18:59 of 1st period - Shot Misses the Net.
19:32 of 1st period - Shot by Dmitry Orlov.
19:32 of 1st period - Shot Blocked by Ryan Lindgren.
19:34 of 1st period - Shot by Oliver Bjorkstrand.
19:34 of 1st period - Stopped by Vitek Vanecek without a rebound.
19:35 of 1st period - Sean Kuraly wins face-off versus Oliver Bjorkstrand in Flames zone.
Goals for this period are 0 for Flames vs 1 for Jets.
Shots for this period are 9 for Flames vs 8 for Jets.

2nd period


0:01 of 2nd period - Nick Schmaltz wins face-off versus Sean Kuraly in neutral zone.
1:09 of 2nd period - Icing by Gustav Nyquist.
1:10 of 2nd period - Andreas Athanasiou wins face-off versus Jordan Kyrou in Jets zone.
1:35 of 2nd period - Nate Schmidt is hit by Lawson Crouse and loses puck.
1:45 of 2nd period - Off-side.
1:46 of 2nd period - Nick Schmaltz wins face-off versus Steven Stamkos in neutral zone.
2:04 of 2nd period - Shot by Steven Stamkos.
2:04 of 2nd period - Deflect By Jakub Vrana.
2:04 of 2nd period - Shot Blocked by Dmitry Orlov.
2:17 of 2nd period - Icing by Jared Spurgeon.
2:18 of 2nd period - Mark Jankowski wins face-off versus Steven Stamkos in Flames zone.
2:44 of 2nd period - Shot by Oskar Sundqvist.
2:44 of 2nd period - Shot Misses the Net.
2:51 of 2nd period - Jared Spurgeon is hit by Connor Murphy and loses puck.
2:53 of 2nd period - Minor Penalty to Connor Murphy for High sticking.
2:54 of 2nd period - John Tavares wins face-off versus Andreas Athanasiou in Jets zone.
2:55 of 2nd period - Shot by Esa Lindell.
2:55 of 2nd period - Stopped by Dan Vladar without a rebound.
2:56 of 2nd period - Andreas Athanasiou wins face-off versus John Tavares in Jets zone.
3:15 of 2nd period - Icing by Esa Lindell.
3:16 of 2nd period - Andreas Athanasiou wins face-off versus John Tavares in Flames zone.
3:30 of 2nd period - Icing by Adam Larsson.
3:31 of 2nd period - John Tavares wins face-off versus Andreas Athanasiou in Flames zone.
3:50 of 2nd period - Shot by Esa Lindell.
3:50 of 2nd period - Stopped by Dan Vladar without a rebound.
3:51 of 2nd period - Mark Jankowski wins face-off versus Steven Stamkos in Jets zone.
4:12 of 2nd period - Shot by Sebastian Aho.
4:12 of 2nd period - Shot Misses the Net.
5:00 of 2nd period - Darren Helm is hit by Sean Kuraly and loses puck.
5:07 of 2nd period - Icing by Colin Miller.
5:08 of 2nd period - Jordan Kyrou wins face-off versus Darren Helm in Jets zone.
5:08 of 2nd period - Alex DeBrincat is hit by Colin Miller and loses puck.
5:15 of 2nd period - Esa Lindell is hit by Darren Helm and loses puck.
5:36 of 2nd period - Shot by Lawson Crouse.
5:36 of 2nd period - Shot Blocked by Nate Schmidt.
5:41 of 2nd period - Colin Miller is hit by Lawson Crouse and loses puck.
6:30 of 2nd period - John Tavares is hit by Oliver Bjorkstrand and loses puck.
6:36 of 2nd period - Josh Morrissey is hit by Dmitry Orlov and loses puck.
6:45 of 2nd period - Shot by Sean Kuraly.
6:45 of 2nd period - Goal by Sean Kuraly - Flames : 1 - Jets : 1.
6:46 of 2nd period - Andreas Athanasiou wins face-off versus Steven Stamkos in neutral zone.
7:02 of 2nd period - Shot by Connor Murphy.
7:02 of 2nd period - Stopped by Vitek Vanecek without a rebound.
7:03 of 2nd period - Nick Schmaltz wins face-off versus John Tavares in Flames zone.
7:14 of 2nd period - Shot by Kirill Marchenko.
7:14 of 2nd period - Stopped by Dan Vladar without a rebound.
7:15 of 2nd period - Steven Stamkos wins face-off versus Victor Olofsson in Jets zone.
8:21 of 2nd period - Shot by Kirill Marchenko.
8:21 of 2nd period - Stopped by Dan Vladar without a rebound.
8:22 of 2nd period - Mark Jankowski wins face-off versus John Tavares in Jets zone.
8:38 of 2nd period - Shot by Mark Jankowski.
8:38 of 2nd period - Shot Misses the Net.
8:40 of 2nd period - Shot by Oskar Sundqvist.
8:40 of 2nd period - Stopped by Vitek Vanecek with a rebound.
8:42 of 2nd period - Shot by Mark Jankowski.
8:42 of 2nd period - Stopped by Vitek Vanecek without a rebound.
8:43 of 2nd period - Nick Schmaltz wins face-off versus Jordan Kyrou in Flames zone.
8:47 of 2nd period - Oliver Bjorkstrand is hit by Adam Larsson.
8:52 of 2nd period - Oliver Bjorkstrand is hit by Adam Larsson and loses puck.
9:00 of 2nd period - Off-side.
9:01 of 2nd period - John Tavares wins face-off versus Andreas Athanasiou in neutral zone.
9:45 of 2nd period - Jared Spurgeon is hit by Gustav Nyquist and loses puck.
9:59 of 2nd period - Andreas Athanasiou is hit by Adam Larsson and loses puck.
10:11 of 2nd period - Steven Stamkos is hit by Dmitry Orlov and loses puck.
10:15 of 2nd period - Steven Stamkos is hit by Dmitry Orlov and loses puck.
10:26 of 2nd period - Shot by Steven Stamkos.
10:26 of 2nd period - Shot Blocked by Dmitry Orlov.
10:35 of 2nd period - Off-side.
10:36 of 2nd period - Jordan Kyrou wins face-off versus Oliver Bjorkstrand in neutral zone.
11:03 of 2nd period - Shot by Nick Schmaltz.
11:03 of 2nd period - Shot Blocked by Jordan Kyrou.
12:18 of 2nd period - Ryan Lindgren is hit by Colin Miller and loses puck.
12:25 of 2nd period - Alex DeBrincat is hit by Thomas Novak and loses puck.
13:53 of 2nd period - Oliver Bjorkstrand is hit by Josh Morrissey.
13:57 of 2nd period - Shot by Oliver Bjorkstrand.
13:57 of 2nd period - Shot Misses the Net.
14:03 of 2nd period - Shot by Nick Schmaltz.
14:03 of 2nd period - Shot Blocked by Jared Spurgeon.
14:05 of 2nd period - Shot by Hampus Lindholm.
14:05 of 2nd period - Shot Misses the Net.
14:07 of 2nd period - Shot by Hampus Lindholm.
14:07 of 2nd period - Deflect By Andre Burakovsky.
14:07 of 2nd period - Shot Misses the Net.
14:43 of 2nd period - Off-side.
14:44 of 2nd period - Mark Jankowski wins face-off versus Sebastian Aho in neutral zone.
14:55 of 2nd period - Shot by Jordan Eberle.
14:55 of 2nd period - Shot Blocked by Nate Schmidt.
14:57 of 2nd period - Shot by Pierre-Edouard Bellemare.
14:57 of 2nd period - Stopped by Dan Vladar without a rebound.
14:58 of 2nd period - Andreas Athanasiou wins face-off versus John Tavares in Jets zone.
15:17 of 2nd period - Shot by John Tavares.
15:17 of 2nd period - Stopped by Dan Vladar without a rebound.
15:18 of 2nd period - Oskar Sundqvist wins face-off versus Sebastian Aho in Jets zone.
16:07 of 2nd period - Shot by Kirill Marchenko.
16:07 of 2nd period - Shot Hit the Post.
16:09 of 2nd period - Shot by Sean Kuraly.
16:09 of 2nd period - Shot Blocked by Colin Miller.
16:11 of 2nd period - Shot by John Tavares.
16:11 of 2nd period - Shot Blocked by Colin Miller.
16:13 of 2nd period - Shot by Sean Kuraly.
16:13 of 2nd period - Stopped by Dan Vladar with a rebound.
16:15 of 2nd period - Shot by Sean Kuraly.
16:15 of 2nd period - Shot Misses the Net.
16:17 of 2nd period - Shot by Esa Lindell.
16:17 of 2nd period - Stopped by Dan Vladar without a rebound.
16:18 of 2nd period - John Tavares wins face-off versus Nick Schmaltz in Jets zone.
16:40 of 2nd period - Icing by Oliver Bjorkstrand.
16:41 of 2nd period - Nick Schmaltz wins face-off versus Steven Stamkos in Jets zone.
16:41 of 2nd period - Nick Schmaltz is hit by Jakub Vrana.
17:02 of 2nd period - Shot by Steven Stamkos.
17:02 of 2nd period - Shot Misses the Net.
17:04 of 2nd period - Shot by Josh Morrissey.
17:04 of 2nd period - Stopped by Dan Vladar without a rebound.
17:05 of 2nd period - Andreas Athanasiou wins face-off versus John Tavares in Jets zone.
17:05 of 2nd period - Andreas Athanasiou is hit by Sean Kuraly.
17:17 of 2nd period - Shot by Andreas Athanasiou.
17:17 of 2nd period - Stopped by Vitek Vanecek without a rebound.
17:18 of 2nd period - Mark Jankowski wins face-off versus Jordan Kyrou in Flames zone.
17:35 of 2nd period - Shot by Oskar Sundqvist.
17:35 of 2nd period - Stopped by Vitek Vanecek without a rebound.
17:36 of 2nd period - John Tavares wins face-off versus Nick Schmaltz in Flames zone.
18:07 of 2nd period - Nick Schmaltz is hit by Josh Morrissey and loses puck.
18:53 of 2nd period - Shot by Victor Olofsson.
18:53 of 2nd period - Stopped by Vitek Vanecek without a rebound.
18:54 of 2nd period - Sebastian Aho wins face-off versus Mark Jankowski in Flames zone.
19:00 of 2nd period - Minor Penalty to Steven Stamkos for Holding.
19:01 of 2nd period - Andreas Athanasiou wins face-off versus Jordan Kyrou in Flames zone.
19:18 of 2nd period - Jordan Kyrou is hit by Victor Olofsson and loses puck.
19:23 of 2nd period - Shot by Hampus Lindholm.
19:23 of 2nd period - Goal by Hampus Lindholm - Flames : 1 - Jets : 2.
19:24 of 2nd period - Steven Stamkos wins face-off versus Nick Schmaltz in neutral zone.
Goals for this period are 1 for Flames vs 1 for Jets.
Shots for this period are 10 for Flames vs 7 for Jets.

3rd period


0:01 of 3rd period - Steven Stamkos wins face-off versus Nick Schmaltz in neutral zone.
0:01 of 3rd period - Steven Stamkos is hit by Nick Schmaltz.
0:04 of 3rd period - Jakub Vrana is hit by Hampus Lindholm and loses puck.
0:09 of 3rd period - Shot by Sebastian Aho.
0:09 of 3rd period - Stopped by Dan Vladar without a rebound.
0:10 of 3rd period - Jordan Kyrou wins face-off versus Andreas Athanasiou in Jets zone.
0:25 of 3rd period - Shot by Jordan Kyrou.
0:25 of 3rd period - Shot Misses the Net.
0:27 of 3rd period - Shot by Lawson Crouse.
0:27 of 3rd period - Shot Misses the Net.
0:29 of 3rd period - Shot by Jordan Kyrou.
0:29 of 3rd period - Shot Misses the Net.
0:47 of 3rd period - Shot by Jordan Kyrou.
0:47 of 3rd period - Shot Misses the Net.
0:49 of 3rd period - Shot by Josh Morrissey.
0:49 of 3rd period - Shot Blocked by Andreas Athanasiou.
0:51 of 3rd period - Shot by Josh Morrissey.
0:51 of 3rd period - Stopped by Dan Vladar without a rebound.
0:52 of 3rd period - Steven Stamkos wins face-off versus Nick Schmaltz in Jets zone.
0:56 of 3rd period - Sebastian Aho is hit by Connor Murphy.
0:58 of 3rd period - Shot by Adam Larsson.
0:58 of 3rd period - Stopped by Dan Vladar without a rebound.
0:59 of 3rd period - Nick Schmaltz wins face-off versus Steven Stamkos in Jets zone.
0:59 of 3rd period - Nick Schmaltz is hit by Steven Stamkos.
1:24 of 3rd period - Shot by Andre Burakovsky.
1:24 of 3rd period - Goal by Andre Burakovsky - Flames : 1 - Jets : 3.
1:25 of 3rd period - Andreas Athanasiou wins face-off versus John Tavares in neutral zone.
1:25 of 3rd period - Andreas Athanasiou is hit by Sean Kuraly.
1:40 of 3rd period - Minor Penalty to Victor Olofsson for Holding.
1:41 of 3rd period - Andreas Athanasiou wins face-off versus Steven Stamkos in Jets zone.
1:58 of 3rd period - Shot by Esa Lindell.
1:58 of 3rd period - Shot Misses the Net.
2:00 of 3rd period - Shot by Sebastian Aho.
2:00 of 3rd period - Shot Misses the Net.
2:06 of 3rd period - Shot by Esa Lindell.
2:06 of 3rd period - Goal by Esa Lindell - Flames : 2 - Jets : 3.
2:07 of 3rd period - Mark Jankowski wins face-off versus John Tavares in neutral zone.
2:25 of 3rd period - Icing by Torey Krug.
2:26 of 3rd period - Steven Stamkos wins face-off versus Mark Jankowski in Jets zone.
2:27 of 3rd period - Shot by Sebastian Aho.
2:27 of 3rd period - Shot Blocked by Mark Jankowski.
2:59 of 3rd period - Shot by Jakub Vrana.
2:59 of 3rd period - Shot Misses the Net.
3:13 of 3rd period - Shot by Andre Burakovsky.
3:13 of 3rd period - Shot Misses the Net.
3:17 of 3rd period - Shot by Andre Burakovsky.
3:17 of 3rd period - Shot Misses the Net.
3:19 of 3rd period - Shot by Dmitry Orlov.
3:19 of 3rd period - Shot Misses the Net.
3:21 of 3rd period - Shot by Oliver Bjorkstrand.
3:21 of 3rd period - Goal by Oliver Bjorkstrand - Flames : 2 - Jets : 4.
3:21 of 3rd period - Antti Raanta enters game.
3:22 of 3rd period - Andreas Athanasiou wins face-off versus Jordan Kyrou in neutral zone.
3:34 of 3rd period - Gustav Nyquist is hit by Josh Morrissey.
4:02 of 3rd period - Minor Penalty to Josh Morrissey for Interference.
4:03 of 3rd period - Sean Kuraly wins face-off versus Nick Schmaltz in Flames zone.
4:15 of 3rd period - Minor Penalty to Pierre-Edouard Bellemare for Hooking.
4:16 of 3rd period - Nick Schmaltz wins face-off versus John Tavares in Flames zone.
4:17 of 3rd period - Shot by Dmitry Orlov.
4:17 of 3rd period - Stopped by Antti Raanta without a rebound.
4:18 of 3rd period - Nick Schmaltz wins face-off versus Sean Kuraly in Flames zone.
4:27 of 3rd period - Shot by Oliver Bjorkstrand.
4:27 of 3rd period - Shot Blocked by Esa Lindell.
4:27 of 3rd period - Esa Lindell from Flames is injured at 4:27 of 3rd period (Bruised Left Shoulder).
4:28 of 3rd period - Nick Schmaltz wins face-off versus John Tavares in Flames zone.
4:38 of 3rd period - Icing by Hampus Lindholm.
4:39 of 3rd period - John Tavares wins face-off versus Nick Schmaltz in Jets zone.
5:02 of 3rd period - Off-side.
5:03 of 3rd period - Andreas Athanasiou wins face-off versus Sean Kuraly in neutral zone.
5:20 of 3rd period - Shot by Dmitry Orlov.
5:20 of 3rd period - Shot Misses the Net.
5:26 of 3rd period - Shot by Gustav Nyquist.
5:26 of 3rd period - Stopped by Antti Raanta without a rebound.
5:27 of 3rd period - Nick Schmaltz wins face-off versus Sean Kuraly in Flames zone.
5:27 of 3rd period - Torey Krug is hit by Jared Spurgeon and loses puck.
6:04 of 3rd period - Shot by Nick Schmaltz.
6:04 of 3rd period - Goal by Nick Schmaltz - Flames : 2 - Jets : 5.
6:05 of 3rd period - Steven Stamkos wins face-off versus Andreas Athanasiou in neutral zone.
6:07 of 3rd period - Off-side.
6:08 of 3rd period - Andreas Athanasiou wins face-off versus Steven Stamkos in neutral zone.
7:24 of 3rd period - Josh Morrissey is hit by Andreas Athanasiou.
8:15 of 3rd period - Shot by Alex DeBrincat.
8:15 of 3rd period - Stopped by Dan Vladar without a rebound.
8:16 of 3rd period - Sebastian Aho wins face-off versus Mark Jankowski in Jets zone.
8:21 of 3rd period - Shot by Sebastian Aho.
8:21 of 3rd period - Shot Blocked by Torey Krug.
8:24 of 3rd period - Icing by Connor Murphy.
8:25 of 3rd period - Mark Jankowski wins face-off versus Steven Stamkos in Jets zone.
8:25 of 3rd period - Mark Jankowski is hit by Sebastian Aho.
8:33 of 3rd period - Shot by Thomas Novak.
8:33 of 3rd period - Deflect By Mark Jankowski.
8:33 of 3rd period - Shot Misses the Net.
9:29 of 3rd period - Shot by Nick Schmaltz.
9:29 of 3rd period - Stopped by Antti Raanta without a rebound.
9:30 of 3rd period - Garnet Hathaway wins face-off versus Jordan Kyrou in Flames zone.
9:30 of 3rd period - Darren Helm is hit by Jared Spurgeon.
9:40 of 3rd period - Shot by Alex DeBrincat.
9:40 of 3rd period - Stopped by Dan Vladar without a rebound.
9:41 of 3rd period - Nick Schmaltz wins face-off versus John Tavares in Jets zone.
11:00 of 3rd period - Off-side.
11:01 of 3rd period - Darren Helm wins face-off versus Steven Stamkos in neutral zone.
11:21 of 3rd period - Sebastian Aho is hit by Connor Murphy and loses puck.
11:25 of 3rd period - Minor Penalty to Connor Murphy for Hooking.
11:26 of 3rd period - Kirill Marchenko wins face-off versus Andre Burakovsky in Jets zone.
11:33 of 3rd period - Shot by Alex DeBrincat.
11:33 of 3rd period - Stopped by Dan Vladar with a rebound.
11:48 of 3rd period - Shot by Jared Spurgeon.
11:48 of 3rd period - Stopped by Dan Vladar without a rebound.
11:49 of 3rd period - Andreas Athanasiou wins face-off versus Steven Stamkos in Jets zone.
11:53 of 3rd period - Torey Krug is hit by Adam Larsson and loses puck.
12:19 of 3rd period - Icing by Sebastian Aho.
12:20 of 3rd period - Steven Stamkos wins face-off versus Andreas Athanasiou in Flames zone.
12:31 of 3rd period - Shot by Steven Stamkos.
12:31 of 3rd period - Shot Misses the Net.
13:03 of 3rd period - Shot by John Tavares.
13:03 of 3rd period - Shot Blocked by Hampus Lindholm.
13:05 of 3rd period - Shot by Alex DeBrincat.
13:05 of 3rd period - Shot Blocked by Dmitry Orlov.
13:07 of 3rd period - Shot by Alex DeBrincat.
13:07 of 3rd period - Goal by Alex DeBrincat - Flames : 3 - Jets : 5.
13:08 of 3rd period - John Tavares wins face-off versus Darren Helm in neutral zone.
13:41 of 3rd period - Shot by Sean Kuraly.
13:41 of 3rd period - Shot Misses the Net.
14:11 of 3rd period - Shot by Lawson Crouse.
14:11 of 3rd period - Goal by Lawson Crouse - Flames : 4 - Jets : 5.
14:12 of 3rd period - Nick Schmaltz wins face-off versus Steven Stamkos in neutral zone.
14:22 of 3rd period - Ryan Lindgren is hit by Andre Burakovsky and loses puck.
14:28 of 3rd period - Jakub Vrana is hit by Colin Miller.
14:38 of 3rd period - Shot by Steven Stamkos.
14:38 of 3rd period - Shot Misses the Net.
14:44 of 3rd period - Shot by Steven Stamkos.
14:44 of 3rd period - Stopped by Dan Vladar without a rebound.
14:45 of 3rd period - Andreas Athanasiou wins face-off versus Jordan Kyrou in Jets zone.
15:04 of 3rd period - Shot by Hampus Lindholm.
15:04 of 3rd period - Shot Misses the Net.
15:27 of 3rd period - Adam Larsson is hit by Gustav Nyquist and loses puck.
15:31 of 3rd period - Off-side.
15:32 of 3rd period - Nick Schmaltz wins face-off versus Steven Stamkos in neutral zone.
15:39 of 3rd period - Icing by Nick Schmaltz.
15:40 of 3rd period - Nick Schmaltz wins face-off versus Steven Stamkos in Jets zone.
15:40 of 3rd period - Oliver Bjorkstrand is hit by Steven Stamkos and loses puck.
15:52 of 3rd period - Minor Penalty to Josh Morrissey for High sticking.
15:53 of 3rd period - Nick Schmaltz wins face-off versus Sean Kuraly in Flames zone.
16:20 of 3rd period - Shot by Hampus Lindholm.
16:20 of 3rd period - Shot Misses the Net.
16:48 of 3rd period - Shot by Nate Schmidt.
16:48 of 3rd period - Stopped by Antti Raanta without a rebound.
16:49 of 3rd period - Andreas Athanasiou wins face-off versus John Tavares in Flames zone.
16:53 of 3rd period - Andreas Athanasiou is hit by Erik Gudbranson.
17:10 of 3rd period - Dmitry Orlov is hit by Sean Kuraly.
18:03 of 3rd period - Minor Penalty to Connor Murphy for Holding.
18:04 of 3rd period - Andreas Athanasiou wins face-off versus Sebastian Aho in Jets zone.
18:04 of 3rd period - Andreas Athanasiou is hit by Steven Stamkos.
18:35 of 3rd period - Shot by Jared Spurgeon.
18:35 of 3rd period - Stopped by Dan Vladar with a rebound.
18:37 of 3rd period - Shot by Jordan Kyrou.
18:37 of 3rd period - Shot Misses the Net.
19:18 of 3rd period - Flames, Antti Raanta is pulled from the net.
19:38 of 3rd period - Shot by Alex DeBrincat.
19:38 of 3rd period - Shot Misses the Net.
Goals for this period are 3 for Flames vs 3 for Jets.
Shots for this period are 12 for Flames vs 7 for Jets.